 Dungeon Crawl Stone Soup version 0.17.2-1-ge4368a0 (webtiles) character file.

151 Goblin1989 the Changer (level 5, -2/33 HPs)
             Began as an Octopode Transmuter on Nov 5, 2016.
             Slain by Sigmund
             ... wielding a +0 scythe
              (14 damage)
             ... on level 3 of the Dungeon.
             The game lasted 00:10:22 (3044 turns).

Goblin1989 the Changer (Octopode Transmuter)        Turns: 3044, Time: 00:10:23

Health: -2/33      AC:  2    Str: 10    XL:     5   Next: 33%
Magic:  7/8        EV: 19    Int: 16    God:
Gold:   136        SH:  0    Dex: 17    Spells: 3 memorised, 2 levels left

rFire  . . .     SeeInvis .       - Unarmed
rCold  . . .     Clarity  .     (shield currently unavailable)
rNeg   . . .     SustAt   .     (helmet currently unavailable)
rPois  x         Gourm    .     (no amulet)
rElec  .         Spirit   .     (no ring)
rCorr  .         Warding  .     (no ring)
rMut   .         Stasis   .     (no ring)
MR     .....                    (no ring)
Stlth  ++........               (no ring)
                                (no ring)
                                (no ring)
                                (no ring)

@: spider-form (expiring), not resistant to hostile enchantments, unstealthy
A: almost no armour, amphibious, 8 rings, (constrict 8), (camouflage 0),
(gelatinous body 0)
a: End Transformation


You were on level 3 of the Dungeon.
You were not hungry.
You were a venomous arachnid creature.
You visited 1 branch of the dungeon, and saw 3 of its levels.

You collected 136 gold pieces.

Inventory:

Missiles
 a - 12 arrows
Magical Staves
 w - an uncursed staff of poison
Wands
 n - a wand of fireball (8)
Scrolls
 e - 6 scrolls of identify {unknown}
 m - 3 scrolls of remove curse {unknown}
 p - a scroll of teleportation {unknown}
 q - a scroll of enchant weapon {unknown}
Potions
 d - a potion of heal wounds {unknown}
 g - 2 potions of cancellation {unknown}
 i - 3 potions of curing {unknown}
 j - a potion of magic {unknown}
 k - a potion of lignification {unknown}
 l - a potion of brilliance {unknown}
Books
 b - a book of Changes

   Spells                             Type                      Level
   a - Beastly Appendage              Transmutation                1
   b - Sticks to Snakes               Transmutation                2
   c - Spider Form                    Transmutation/Poison         3
   d - Ice Form                       Ice/Transmutation            4
   e - Blade Hands                    Transmutation                5
Comestibles
 c - 3 bread rations {@e1}
 f - a royal jelly
 h - 2 meat rations {@e2}
 o - a chunk of flesh {@w0}


   Skills:
 - Level 1.0 Fighting
 - Level 2.0 Dodging
 - Level 3.0 Unarmed Combat
 - Level 2.0 Spellcasting
 + Level 5.3 Transmutations


You had 2 spell levels left.
You knew the following spells:

 Your Spells              Type           Power        Failure   Level  Hunger
a - Beastly Appendage     Trmt           ###...       10%         1    #......
b - Sticks to Snakes      Trmt           ###.......   14%         2    ###....
c - Spider Form           Trmt/Pois      ##........   41%         3    ###....


Dungeon Overview and Level Annotations

Branches:
Dungeon (3/15)

Altars:

Annotations:
D:3 Sigmund


Innate Abilities, Weirdness & Mutations

You cannot wear most types of armour.
You are amphibious.
You can wear up to eight rings at the same time.
((You can use your tentacles to constrict eight enemies at once.))
((Your skin changes colour to match your surroundings (Stealth).))
((Your rubbery body absorbs attacks (AC +1).))


Message History

You barely miss the rat. The rat completely misses you.
Sigmund barely misses you.
You hit the rat.
You kill the rat!
You feel less confused. Sigmund hits you with a scythe.
You see here a rat corpse.
You take 2 damage, and have 23/33 hp.
You closely miss Sigmund. Sigmund hits you with a scythe!
* * * LOW HITPOINT WARNING * * *
You take 12 damage, and have 11/33 hp.
MASSIVE DAMAGE!!
You bite Sigmund!
Sigmund is poisoned.
Sigmund is moderately wounded.
You bite Sigmund!
Sigmund is heavily wounded.
Sigmund casts a spell.
Sigmund flickers and vanishes!
Deactivating autopickup; reactivate with Ctrl-A.
You completely miss something. Something hits you!
You die... ████ █... █.>█ ██████

██████..█ .....█
...█..█
.....██████████.).███
)..........(...)s{..█
.....██████████████.█


██████ There were no monsters in sight!

Vanquished Creatures
  An orc wizard (D:3)
  Terence (D:2)
  2 adders
  3 giant geckos (D:1)
  5 orcs (D:3)
  2 giant cockroaches
  9 hobgoblins
  5 jackals (D:1)
  4 quokkas
  3 ball pythons
  9 bats
  2 giant newts
  10 goblins
  8 kobolds
  4 rats
68 creatures vanquished.

Notes
Turn   | Place    | Note
--------------------------------------------------------------
     0 | D:1      | Goblin1989 the Octopode Transmuter began the quest for the Orb.
     0 | D:1      | Reached XP level 1. HP: 13/13 MP: 3/3
   535 | D:1      | Reached XP level 2. HP: 13/18 MP: 5/5
  1066 | D:1      | Reached XP level 3. HP: 17/23 MP: 6/6
  1584 | D:2      | Learned a level 2 spell: Sticks to Snakes
  1588 | D:2      | Learned a level 3 spell: Spider Form
  1639 | D:2      | Noticed Terence
  1651 | D:2      | Killed Terence
  1651 | D:2      | Reached skill level 4 in Transmutations
  1651 | D:2      | Reached XP level 4. HP: 24/28 MP: 4/7
  2474 | D:3      | Reached skill level 5 in Transmutations
  2474 | D:3      | Reached XP level 5. HP: 33/33 MP: 2/8
  3033 | D:3      | Noticed Sigmund
  3044 | D:3      | Slain by Sigmund

Action                   |  1- 3 |  4- 6 || total
-------------------------+-------+-------++-------
Melee: Unarmed           |    78 |    85 ||   163
 Cast: Beastly Appendage |    10 |     5 ||    15
       Spider Form       |     1 |     5 ||     6
 Stab: Sleeping          |     3 |     2 ||     5
       Distracted        |     2 |       ||     2
  Eat: Chunk             |     2 |     6 ||     8

Vault maps used:
D:1:      saegor_arrival_simple_e
D:2:      uniq_terence
D:3:      lemuel_round_altar, uniq_sigmund
